[ AOE2 MATCH · #504813460 ]
UnrankedCelts vs Burmese
Player's team · WIN
Rival team · LOSS
[ REPLAY ANALYSIS · EXTRACTED FROM THE RECORDED GAME ]
Feudal
12:30
Castle
21:27
Imperial
—
| APM avg | 57.0 |
| APM peak | 104 |
| eAPM avg | 30.9 |
| Villagers / military | 59 / 20 |
Focus
⚔️ 61.7% · 🌾 38.3%
Archer ×12 · Militia ×5 · Mangonel ×3
Feudal
13:07
Castle
17:41
Imperial
—
| APM avg | 51.2 |
| APM peak | 96 |
| eAPM avg | 29.0 |
| Villagers / military | 76 / 15 |
Focus
⚔️ 29.7% · 🌾 70.3%
Monk ×7 · Mangonel ×4 · Battering Ram ×3 · Scorpion ×1
Match map
Initial resources + every placement click. Lines = walls · curves = elevation contours. ◆ gold · ⬟ stone · ● berries · ✦ relic · ◌ wall gap
Your base· Open — 4t gap
VN_DarK_KnighT_'s base· Open — 7t gap
Smoothed initial terrain · ◌ = detected wall gap · hover for details
Inputs per minute
— _RaiD__ - - VN_DarK_KnighT_
Build order — _RaiD__
First 150 of 158 actions detected
| 0:19 | Build | Town Center |
| 1:24 | Build | House |
| 1:49 | Create | Villager (Male) |
| 1:50 | Create | Villager (Male) |
| 1:50 | Create | Villager (Male) |
| 1:50 | Create | Villager (Male) |
| 3:14 | Build | House |
| 3:23 | Create | Villager (Male) |
| 3:23 | Create | Villager (Male) |
| 3:43 | Build | Barracks |
| 3:46 | Create | Villager (Male) |
| 4:06 | Create | Villager (Male) |
| 4:41 | Research | Loom |
| 4:43 | Build | House |
| 4:43 | Create | Militia |
| 4:54 | Create | Villager (Male) |
| 5:05 | Create | Militia |
| 5:09 | Build | Palisade Wall |
| 5:10 | Build | Palisade Wall |
| 5:16 | Build | Palisade Wall |
| 5:25 | Create | Militia |
| 5:33 | Create | Villager (Male) |
| 5:56 | Create | Villager (Male) |
| 5:57 | Create | Villager (Male) |
| 6:03 | Create | Militia |
| 6:21 | Create | Villager (Male) |
| 6:43 | Create | Villager (Male) |
| 6:50 | Build | Mill |
| 6:51 | Create | Villager (Male) |
| 7:37 | Create | Villager (Male) |
| 7:38 | Build | House |
| 7:59 | Build | Lumber Camp |
| 8:04 | Create | Villager (Male) |
| 8:24 | Create | Villager (Male) |
| 9:03 | Create | Villager (Male) |
| 9:29 | Create | Villager (Male) |
| 9:42 | Create | Villager (Male) |
| 9:59 | Build | House |
| 10:20 | Research | Feudal Age |
| 10:57 | Build | Mining Camp |
| 11:36 | Create | Villager (Male) |
| 11:50 | Create | Militia |
| 11:59 | Build | House |
| 12:30 | Age | Feudal Age |
| 12:32 | Build | Archery Range |
| 12:33 | Create | Villager (Male) |
| 12:35 | Research | Man-at-Arms (upgrade) |
| 12:35 | Research | Double-Bit Axe |
| 12:57 | Create | Villager (Male) |
| 13:14 | Create | Archer |
| 13:21 | Build | Outpost |
| 13:22 | Create | Villager (Male) |
| 13:27 | Create | Archer |
| 13:34 | Build | Watch Tower |
| 13:39 | Create | Villager (Male) |
| 13:59 | Create | Villager (Male) |
| 14:10 | Create | Archer |
| 14:16 | Create | Villager (Male) |
| 14:33 | Build | Palisade Wall |
| 14:34 | Build | Palisade Wall |
| 14:34 | Build | Palisade Wall |
| 14:35 | Build | Palisade Wall |
| 14:35 | Build | Palisade Wall |
| 14:43 | Create | Villager (Male) |
| 14:46 | Build | Blacksmith |
| 14:51 | Create | Archer |
| 15:20 | Create | Villager (Male) |
| 15:26 | Research | Town Watch |
| 15:31 | Build | House |
| 15:40 | Research | Fletching |
| 15:41 | Create | Archer |
| 15:58 | Build | House |
| 15:59 | Create | Villager (Male) |
| 16:17 | Create | Villager (Male) |
| 16:34 | Create | Villager (Male) |
| 16:39 | Build | Farm |
| 16:40 | Build | Farm |
| 17:10 | Create | Villager (Male) |
| 17:29 | Create | Villager (Male) |
| 17:32 | Build | Market |
| 18:01 | Create | Villager (Male) |
| 18:06 | Build | Watch Tower |
| 18:47 | Research | Castle Age |
| 19:32 | Create | Archer |
| 19:34 | Build | Lumber Camp |
| 20:11 | Create | Archer |
| 20:11 | Create | Archer |
| 20:27 | Create | Villager (Male) |
| 20:41 | Build | House |
| 20:44 | Create | Archer |
| 21:23 | Create | Villager (Male) |
| 21:27 | Age | Castle Age |
| 21:35 | Research | Bodkin Arrow |
| 21:38 | Build | Siege Workshop |
| 21:51 | Create | Villager (Male) |
| 21:54 | Build | Mining Camp |
| 22:23 | Create | Mangonel |
| 22:24 | Build | House |
| 22:27 | Create | Villager (Male) |
| 22:37 | Build | Town Center |
| 22:48 | Create | Archer |
| 22:52 | Create | Villager (Male) |
| 23:10 | Build | House |
| 23:21 | Create | Mangonel |
| 23:31 | Create | Archer |
| 23:35 | Build | House |
| 23:35 | Build | House |
| 23:49 | Build | Mining Camp |
| 23:49 | Create | Villager (Male) |
| 23:54 | Build | House |
| 23:55 | Build | House |
| 24:41 | Build | Outpost |
| 24:43 | Create | Archer |
| 24:51 | Build | Outpost |
| 24:54 | Build | Outpost |
| 25:00 | Create | Mangonel |
| 25:03 | Build | House |
| 25:03 | Build | House |
| 25:03 | Build | House |
| 25:08 | Create | Villager (Male) |
| 25:43 | Build | Watch Tower |
| 26:01 | Build | Farm |
| 26:01 | Build | Farm |
| 26:14 | Build | Town Center |
| 26:28 | Build | Farm |
| 26:30 | Create | Villager (Male) |
| 26:42 | Create | Villager (Male) |
| 26:46 | Create | Villager (Male) |
| 26:47 | Build | House |
| 26:48 | Build | House |
| 27:06 | Build | Watch Tower |
| 27:35 | Build | Lumber Camp |
| 27:39 | Create | Villager (Male) |
| 27:39 | Create | Villager (Male) |
| 27:49 | Build | University |
| 27:50 | Create | Villager (Male) |
| 28:05 | Create | Villager (Male) |
| 28:06 | Create | Villager (Male) |
| 28:14 | Build | Farm |
| 28:40 | Create | Villager (Male) |
| 28:41 | Create | Villager (Male) |
| 28:50 | Create | Villager (Male) |
| 29:07 | Build | Farm |
| 29:09 | Build | Farm |
| 29:10 | Build | Farm |
| 29:18 | Create | Villager (Male) |
| 29:37 | Build | Mining Camp |
| 29:51 | Build | Castle |
| 29:58 | Create | Villager (Male) |
| 30:06 | Build | Mill |
Build order — VN_DarK_KnighT_
First 150 of 164 actions detected
| 0:13 | Build | Town Center |
| 1:46 | Build | House |
| 1:57 | Create | Villager (Male) |
| 1:57 | Create | Villager (Male) |
| 1:57 | Create | Villager (Male) |
| 2:03 | Create | Villager (Male) |
| 2:03 | Create | Villager (Male) |
| 3:10 | Research | Loom |
| 3:37 | Build | House |
| 4:10 | Create | Villager (Male) |
| 4:10 | Create | Villager (Male) |
| 4:10 | Create | Villager (Male) |
| 4:15 | Build | House |
| 4:58 | Create | Villager (Male) |
| 4:58 | Create | Villager (Male) |
| 5:03 | Create | Villager (Male) |
| 5:03 | Create | Villager (Male) |
| 5:49 | Create | Villager (Male) |
| 5:49 | Create | Villager (Male) |
| 5:57 | Build | House |
| 6:07 | Build | House |
| 6:12 | Create | Villager (Male) |
| 6:12 | Create | Villager (Male) |
| 6:13 | Create | Villager (Male) |
| 6:13 | Create | Villager (Male) |
| 6:13 | Create | Villager (Male) |
| 6:20 | Build | House |
| 6:22 | Build | House |
| 7:22 | Create | Villager (Male) |
| 7:22 | Create | Villager (Male) |
| 7:28 | Build | House |
| 7:42 | Create | Villager (Male) ×2 |
| 7:48 | Build | House |
| 8:23 | Build | Palisade Wall |
| 8:24 | Build | Palisade Wall |
| 8:38 | Build | House |
| 8:46 | Build | Mining Camp |
| 8:47 | Create | Villager (Male) |
| 9:07 | Create | Villager (Male) |
| 9:23 | Build | House |
| 9:23 | Build | House |
| 9:58 | Create | Villager (Male) |
| 10:07 | Build | Lumber Camp |
| 10:19 | Build | House |
| 10:24 | Build | House |
| 10:26 | Build | Palisade Wall |
| 10:32 | Create | Villager (Male) |
| 10:36 | Build | Palisade Wall |
| 10:45 | Research | Feudal Age |
| 10:45 | Research | Feudal Age |
| 11:53 | Build | Palisade Wall |
| 12:24 | Build | Palisade Wall |
| 12:49 | Build | House |
| 13:07 | Age | Feudal Age |
| 13:10 | Build | Blacksmith |
| 13:11 | Create | Villager (Male) |
| 13:20 | Build | Mill |
| 13:21 | Create | Villager (Male) |
| 13:23 | Build | Palisade Wall |
| 13:38 | Create | Villager (Male) |
| 13:56 | Build | Watch Tower |
| 14:08 | Create | Villager (Male) |
| 14:16 | Build | Market |
| 14:25 | Build | Palisade Wall |
| 14:27 | Build | Palisade Wall |
| 14:36 | Build | Palisade Wall |
| 14:38 | Build | Palisade Wall |
| 14:40 | Build | Palisade Wall |
| 15:01 | Research | Castle Age |
| 15:58 | Research | Scale Barding Armor |
| 16:09 | Build | Lumber Camp |
| 16:32 | Build | Farm |
| 16:44 | Build | Farm |
| 16:57 | Build | House |
| 17:28 | Build | House |
| 17:41 | Age | Castle Age |
| 17:42 | Build | House |
| 17:43 | Create | Villager (Male) |
| 17:45 | Build | Siege Workshop |
| 18:17 | Build | House |
| 18:18 | Create | Villager (Male) |
| 18:21 | Create | Mangonel |
| 18:32 | Create | Villager (Male) |
| 18:45 | Build | Monastery |
| 18:50 | Create | Villager (Male) |
| 19:12 | Create | Villager (Male) |
| 19:26 | Create | Mangonel |
| 19:29 | Create | Villager (Male) |
| 19:43 | Create | Monk |
| 20:03 | Create | Villager (Male) |
| 20:08 | Create | Monk |
| 20:13 | Create | Villager (Male) |
| 20:29 | Create | Scorpion |
| 20:46 | Build | Farm |
| 21:01 | Create | Villager (Male) |
| 21:08 | Build | House |
| 21:24 | Build | Town Center |
| 21:28 | Create | Villager (Male) |
| 21:51 | Research | Sanctity |
| 22:25 | Create | Villager (Male) |
| 22:42 | Create | Mangonel |
| 22:47 | Create | Battering Ram |
| 22:49 | Create | Monk |
| 23:11 | Create | Villager (Male) |
| 23:42 | Build | Town Center |
| 23:47 | Create | Villager (Male) |
| 24:02 | Create | Monk |
| 24:18 | Research | Redemption |
| 24:18 | Research | Redemption |
| 24:35 | Create | Villager (Male) |
| 24:50 | Create | Monk |
| 25:18 | Create | Villager (Male) |
| 25:31 | Create | Villager (Male) |
| 25:32 | Create | Villager (Male) |
| 25:32 | Create | Villager (Male) |
| 25:42 | Create | Monk |
| 26:02 | Build | House |
| 26:03 | Build | House |
| 26:09 | Build | Lumber Camp |
| 26:12 | Create | Villager (Male) |
| 26:13 | Create | Villager (Male) |
| 26:39 | Create | Monk |
| 26:42 | Create | Villager (Male) |
| 26:54 | Build | Farm |
| 26:55 | Build | Farm |
| 26:58 | Create | Villager (Male) |
| 26:58 | Create | Villager (Male) |
| 27:07 | Build | House |
| 27:19 | Create | Villager (Male) |
| 27:45 | Create | Villager (Male) |
| 27:47 | Build | Farm |
| 27:48 | Build | House |
| 27:49 | Build | House |
| 27:59 | Build | Barracks |
| 28:01 | Create | Villager (Male) |
| 28:13 | Build | Farm |
| 28:14 | Create | Villager (Male) |
| 28:16 | Build | Farm |
| 28:18 | Build | Farm |
| 28:28 | Create | Mangonel |
| 28:35 | Build | House |
| 28:38 | Create | Villager (Male) |
| 29:04 | Create | Villager (Male) |
| 29:10 | Create | Villager (Male) |
| 29:10 | Create | Villager (Male) |
| 29:12 | Build | House |
| 29:14 | Create | Battering Ram |
| 29:26 | Create | Villager (Male) |
| 29:37 | Build | Farm |
| 29:39 | Create | Villager (Male) |
Match timeline
| 3:43 | _RaiD__ · first_building Barracks |
| 5:09 | _RaiD__ · wall_segment Palisade Wall x1 |
| 5:10 | _RaiD__ · wall_segment Palisade Wall x1 |
| 5:16 | _RaiD__ · wall_segment Palisade Wall x1 |
| 8:23 | VN_DarK_KnighT_ · wall_segment Palisade Wall x3 |
| 8:24 | VN_DarK_KnighT_ · wall_segment Palisade Wall x1 |
| 10:26 | VN_DarK_KnighT_ · wall_segment Palisade Wall x2 |
| 10:36 | VN_DarK_KnighT_ · wall_segment Palisade Wall x5 |
| 11:53 | VN_DarK_KnighT_ · wall_segment Palisade Wall x1 |
| 12:24 | VN_DarK_KnighT_ · wall_segment Palisade Wall x1 |
| 12:30 | _RaiD__ · age_up feudal |
| 12:32 | _RaiD__ · first_building Archery Range |
| 13:07 | VN_DarK_KnighT_ · age_up feudal |
| 13:23 | VN_DarK_KnighT_ · wall_segment Palisade Wall x1 |
| 14:25 | VN_DarK_KnighT_ · wall_segment Palisade Wall x1 |
| 14:27 | VN_DarK_KnighT_ · wall_segment Palisade Wall x1 |
| 14:33 | _RaiD__ · wall_segment Palisade Wall x1 |
| 14:34 | _RaiD__ · wall_segment Palisade Wall x1 |
| 14:34 | _RaiD__ · wall_segment Palisade Wall x1 |
| 14:35 | _RaiD__ · wall_segment Palisade Wall x1 |
| 14:35 | _RaiD__ · wall_segment Palisade Wall x1 |
| 14:36 | VN_DarK_KnighT_ · wall_segment Palisade Wall x1 |
| 14:38 | VN_DarK_KnighT_ · wall_segment Palisade Wall x1 |
| 14:40 | VN_DarK_KnighT_ · wall_segment Palisade Wall x1 |
| 17:41 | VN_DarK_KnighT_ · age_up castle |
| 17:45 | VN_DarK_KnighT_ · first_building Siege Workshop |
| 18:39 | _RaiD__ · first_market_buy 100 food |
| 18:45 | _RaiD__ · first_market_sell 100 wood |
| 18:45 | VN_DarK_KnighT_ · first_building Monastery |
| 21:00 | VN_DarK_KnighT_ · first_market_buy 100 stone |
| 21:27 | _RaiD__ · age_up castle |
| 21:38 | _RaiD__ · first_building Siege Workshop |
| 23:19 | VN_DarK_KnighT_ · first_market_sell 100 wood |
| 27:59 | VN_DarK_KnighT_ · first_building Barracks |
| 29:42 | VN_DarK_KnighT_ · first_building Stable |
| 29:51 | _RaiD__ · first_building Castle |
| 31:59 | VN_DarK_KnighT_ · resign |
[ AI ANALYSIS · 1 CREDIT ]
What really happened in this match?
Wolo.gg analyzes every decision: build order, eco, micro, common mistakes by bracket. Personalized analysis on WhatsApp or Discord in 30 seconds.
Civ guide
Celts
Perfil
Jugador #4375138